 Dungeon Crawl Stone Soup version 0.27-a0-1519-gc8121b24ce (webtiles) character file.

Game seed: 13407674772248731278

49 Conn the Firebug (level 3, -10/21 HPs)
             Began as an Octopode Fire Elementalist on July 10, 2021.
             Killed from afar by an orc wizard (13 damage)
             ... with a puff of flame
             ... on level 2 of the Dungeon.
             The game lasted 00:05:18 (2393 turns).

Conn the Firebug (Octopode Fire Elementalist)       Turns: 2393, Time: 00:05:21

Health: -10/21     AC:  5    Str:  7    XL:     3   Next: 75%
Magic:  6/6        EV: 13    Int: 18    God:
Gold:   60         SH:  0    Dex: 12    Spells: 2/6 levels left

rFire    . . .     SeeInvis .   g - +2 short sword (drain)
rCold    . . .     Faith    .   (no shield)
rNeg     . . .     Spirit   .   (helmet restricted)
rPois    +         Reflect  .   (no amulet)
rElec    .         Harm     .   f - +4 ring of protection
rCorr    .         Rampage  .   h - ring of poison resistance
Will     .....                  (no ring)
Stlth    +++.......             (no ring)
HPRegen  0.07/turn              (no ring)
MPRegen  0.10/turn              (no ring)
                                (no ring)
                                (no ring)

@: flying, hasted, very quick
A: almost no armour, amphibious, 8 rings, camouflage 1, gelatinous body 1,
(nimble swimmer 1), tentacles
a: no special abilities


You were on level 2 of the Dungeon.
You visited 1 branch of the dungeon, and saw 2 of its levels.

You collected 60 gold pieces.

Inventory:

Hand Weapons
 e - a +0 dagger
 g - a +2 short sword of draining (weapon)
Missiles
 c - 3 poisoned darts (quivered)
Jewellery
 f - a +4 ring of protection (left tentacle)
 h - a ring of poison resistance (right tentacle)
Scrolls
 a - 5 scrolls of identify {unknown}


   Skills:
 + Level 2.2 Dodging
 + Level 2.9 Stealth
 + Level 0.5 Unarmed Combat
 + Level 2.4 Spellcasting
 + Level 1.5 Conjurations
 + Level 3.7 Fire Magic


You had 2 spell levels left.
You knew the following spells:

 Your Spells              Type           Power      Damage    Failure   Level
a - Foxfire               Conj/Fire      44%        2x1d6     6%          1
b - Conjure Flame         Conj/Fire      11%        6-21      19%         3

Your spell library contained the following spells:

 Spells                   Type           Power      Damage    Failure   Level
 Magic Dart               Conj           28%        1d4       10%         1
 Call Imp                 Summ           2%         N/A       26%         2
 Poisonous Vapours        Pois/Air       4%         N/A       26%         2
 Inner Flame              Hex/Fire       8%         N/A       24%         3
 Mephitic Cloud           Conj/Pois/Air  4%         N/A       38%         3
 Sticky Flame             Conj/Fire      11%        2d3       52%         4
 Fireball                 Conj/Fire      5%         3d5       86%         5
 Freezing Cloud           Conj/Ice/Air   2%         6-21      98%         5


Dungeon Overview and Level Annotations

Branches:
Dungeon (2/15)

Altars:


Innate Abilities, Weirdness & Mutations

You cannot wear most types of armour.
You are amphibious.
You can wear up to eight rings at the same time.
Your skin changes colour to match your surroundings (Stealth+).
Your rubbery body absorbs attacks. (AC +1, EV +1)
((You are camouflaged near water. (Stealth+)))
You have tentacles for arms and can constrict up to eight enemies at once.


Message History

The orc wizard hits you but does no damage.
You aren't carrying any potions.
You are too confused!
Unknown command.
Unknown command.
Unknown command.
Non-targeted confused throw: 3 darts (curare)
Press: ? - help, Q - select action, (/) - cycle Dir - look around, f - activate Look: an orc wizard, wielding a +0 dagger and wearing a +0 robe (moderately wounded, 27% to hit)
You throw a curare-tipped dart.
Non-targeted confused throw: 2 darts (curare)
Press: ? - help, Q - select action, (/) - cycle Dir - look around, f - activate Look: an orc wizard, wielding a +0 dagger and wearing a +0 robe (moderately wounded, 27% to hit)
You throw a curare-tipped dart.
The orc wizard hits you but does no damage.
You're too confused to move!
You feel less confused.
You aren't carrying any potions.
Unknown command.
Unknown command.
Unknown command.
Throw: dart (curare)
Press: ? - help, Q - select action, (/) - cycle Shift-Dir - straight line, f/p - orc wizard
Aim: an orc wizard, wielding a +0 dagger and wearing a +0 robe (moderately wounded, 47% to hit)
You throw a curare-tipped dart.
The curare-tipped dart closely misses the orc wizard.
The orc wizard misses you.
You aren't carrying any potions.
Okay, then.
Unknown command.
You puncture the orc wizard! You grab the orc wizard.
The orc wizard is almost dead.
You constrict the orc wizard, but do no damage.
You completely miss the orc wizard.
The orc wizard is almost dead.
You constrict the orc wizard.
The orc wizard gestures at you while chanting.
The puff of flame hits you!
Ouch! That really hurt!
You die...

..###.#.#.....##'###.............
..# #.#.#.....##(# #.............
.## #.#.......##.# #.............
.####.##......##.###.............
....#.##..#.##..(....)......#####
....+.....#.##.)..####.........#
....#.##..#.##(..<# #.........#
....####..#.##..o.# #.........#
.#........#.##..@.# #.......[.#
.#..#####.#.##....# ######'####
.########.#.#####.# #.#
.......##...# #.# #.#
.......###..#####.##### #.#
...........>..........# #.#
..####.####.#.###.###.#####.#
..####.####.#...............#
.................####.#######


You could see an orc wizard.

Vanquished Creatures
  A worm (D:2)
  A dart slug (D:2)
  2 orcs (D:2)
  A ball python (D:2)
  2 endoplasms
  2 giant cockroaches (D:2)
  3 goblins (D:2)
  2 hobgoblins
  12 jackals (D:1)
  4 bats (D:1)
  2 frilled lizards (D:2)
  3 kobolds
  2 rats (D:2)
37 creatures vanquished.

Vanquished Creatures (others)
  126 foxfires
126 creatures vanquished.

Grand Total: 163 creatures vanquished

Notes
Turn   | Place    | Note
-------+----------+-------------------------------------------
     0 | D:1      | Conn the Octopode Fire Elementalist began the quest for the
                  | Orb.
     0 | D:1      | Reached XP level 1. HP: 11/11 MP: 3/3
   492 | D:1      | Reached XP level 2. HP: 17/17 MP: 3/5
  1201 | D:2      | Reached XP level 3. HP: 21/21 MP: 3/6
  1287 | D:2      | Learned a level 3 spell: Conjure Flame
  1835 | D:2      | Found a faded altar of an unknown god.
  2393 | D:2      | Killed from afar by an orc wizard

Illustrated notes

Levels and vault maps discovered:
D:1:      dpeg_arrival_water_fire, layout_basic
D:2:      layout_basic, hellmonk_ecumenical_altar_run_dry

Action                   || total
-------------------------++-------
Melee: Unarmed           ||    21
       Constrict         ||     9
       Tentacles         ||     4
       Dagger            ||     8
       Short sword       ||     6
Throw: Dart              ||     7
 Cast: Foxfire           ||    72
       Conjure Flame     ||     1
  Use: Potion            ||     3
Armor: Skin              ||    14
Dodge: Dodged            ||    40

Table legend: (Time is in decaauts)
 A = Elapsed time spent in this place.
 B = Non-inter-level travel time spent in this place.
 C = Inter-level travel time spent in this place.
 D = Time resting spent in this place.
 E = Time spent auto-exploring this place.
 F = Levels seen in this place.
 G = Mean time per level.
                   A        B        C        D        E       F      G
               +--------+--------+--------+--------+--------+-----+--------+
         Total |   2388 |   2362 |     26 |    107 |   1824 |   2 | 1194.0 |
       Dungeon |   2388 |   2362 |     26 |    107 |   1824 |   2 | 1194.0 |
               +--------+--------+--------+--------+--------+-----+--------+

Top non-repeatable levels by time:
     D:1: 1345 daAuts
     D:2: 1043 daAuts
